 Dungeon Crawl Stone Soup version 0.29.0-4-gdea44cf6ec (webtiles) character file.

Game seed: 10536817071956102292

163 qw the Ruffian (level 5, 0/41 HPs)
             Began as a Ghoul Fire Elementalist on Aug 29, 2022.
             Slain by a gnoll
             ... wielding a +0 club
              (1 damage)
             ... on level 3 of the Dungeon.
             The game lasted 00:02:18 (2512 turns).

qw the Ruffian (Ghoul Fire Elementalist)            Turns: 2512, Time: 00:02:19

Health: 0/41       AC:  6    Str: 14    XL:     5   Next: 44%
Magic:  6/6        EV:  9    Int: 10    God:
Gold:   154        SH:  0    Dex:  9    Spells: 6/7 levels left

rFire   . . .      SeeInvis .     - Unarmed
rCold   + . .      Faith    .   (no shield)
rNeg    + + +      Spirit   .   b - +0 scale mail
rPois   inf        Reflect  .   (no helmet)
rElec   .          Harm     .   (no cloak)
rCorr   .          Rampage  .   (no gloves)
Will    .....                   (no boots)
Stlth   ..........              (no amulet)
HPRegen 0.00/turn               (no ring)
MPRegen 0.10/turn               (no ring)

@: inhibited regen
A: claws 1, cold resistance 1, negative energy resistance 3, inhibited
regeneration, torment resistance 2, devour on kill
a: no special abilities


You were on level 3 of the Dungeon.
You visited 1 branch of the dungeon, and saw 3 of its levels.

You collected 154 gold pieces.


Innate Abilities, Weirdness & Mutations

You are immune to poison.
You have sharp fingernails.
Your flesh is cold resistant. (rC+)
You are immune to negative energy. (rN+++)
You do not regenerate when monsters are visible.
You are immune to unholy pain and torment.
You thrive by killing the living.


   Skills:
 - Level 2.1 Fighting
 - Level 1.7 Dodging
 - Level 2.1 Stealth
 + Level 4.8 Unarmed Combat
 - Level 1.7 Spellcasting
 - Level 0.7 Conjurations
 - Level 2.4 Fire Magic


You had 6 spell levels left.
You knew the following spells:

 Your Spells              Type           Power      Damage    Failure   Level
a - Foxfire               Conj/Fire      16%        2x1d4     58%         1

Your spell library contained the following spells:

 Spells                   Type           Power      Damage    Failure   Level
 Scorch                   Fire           10%        2d5       63%         2
 Conjure Flame            Conj/Fire      4%         6-21      92%         3
 Inner Flame              Hex/Fire       3%         N/A       95%         3
 Flame Wave               Conj/Fire      4%         2d5       100%        4

Inventory:

Missiles
 c - 13 boomerangs (quivered)
Armour
 b - a +0 scale mail (worn)
 f - a +0 cloak
Jewellery
 g - a +6 ring of strength
Scrolls
 a - 2 scrolls of identify
 d - a scroll of silence {unknown}
 i - a scroll of brand weapon
Potions
 e - a potion of heal wounds {unknown}
 h - a potion of degeneration {unknown}
 k - a potion of curing {unknown}
 l - a potion of mutation {unknown}

Dungeon Overview and Level Annotations

Branches:
Dungeon (3/15)

Altars:
Trog
Yredelemnul

Shops:
D:3 (


Message History

The gnoll attacks as you move away! The gnoll hits you with a +0 flail.
You barely miss the gnoll.
The gnoll is moderately wounded.
You scratch the gnoll but do no damage.
The gnoll is moderately wounded.
The gnoll barely misses you.
You barely miss the gnoll.
The gnoll is moderately wounded.
The gnoll hits you with a +0 flail!
2501 ||| Stepping ~*~*~tactically~*~*~ (outnumbered).
You closely miss the gnoll.
The gnoll is moderately wounded.
The gnoll hits you with a +0 flail.
You scratch the gnoll. You claw the gnoll.
You kill the gnoll!
You scratch the gnoll.
The gnoll is moderately wounded.
The gnoll hits you with a +0 whip.
You scratch the gnoll.
The gnoll is moderately wounded.
The gnoll hits you with a +0 whip.
You scratch the gnoll but do no damage.
The gnoll is moderately wounded.
The gnoll hits you but does no damage.
You claw the gnoll!
You kill the gnoll!
You feel better.
You claw the rat!
You kill the rat!
You closely miss the gnoll. The gnoll hits you with a +0 club.
You claw the gnoll!
The gnoll is heavily wounded.
You scratch the gnoll but do no damage.
The gnoll is heavily wounded.
The gnoll hits you with a +0 club.
You completely miss the gnoll.
The gnoll is heavily wounded.
The gnoll hits you with a +0 club.
You die...

.# #.# #.#
(###.#.###..# .....
.....# #### ...###....
#... ........# #.#.
#.####..#####.#.
#....<......%.#.
#####(.#########....
##..@g.## #..##
#..###.# #.... ###.##
#.# ##.#.
####....###># #..#
#......#..##.#### ##.#
#...............# #..
#..###._.###.##.####
### #.
#...#...##....## # #
##.##.#.#####..#######


You could see a gnoll.

Vanquished Creatures
  An orc wizard (D:3)
  2 gnolls (D:3)
  4 adders
  5 worms
  3 orcs (D:3)
  4 endoplasms
  3 giant cockroaches
  7 goblins
  11 hobgoblins
  2 jackals (D:2)
  3 quokkas
  A ball python (D:1)
  A bat (D:2)
  6 frilled lizards
  8 kobolds
  8 rats
69 creatures vanquished.

Notes
Turn   | Place    | Note
-------+----------+-------------------------------------------
     0 | D:1      | qw the Ghoul Fire Elementalist began the quest for the Orb.
     0 | D:1      | Reached XP level 1. HP: 14/14 MP: 2/2
     0 | D:1      | 0 ||| qw: Version: 0.1-a-90-g952f4b7
     0 | D:1      | 0 ||| qw: Game counter: 4170
     0 | D:1      | 0 ||| qw: Always use a shield: true
     0 | D:1      | 0 ||| qw: God list: Okawaru
     0 | D:1      | 0 ||| qw: Allow faded altars: false
     0 | D:1      | 0 ||| qw: Do Orc after D:15 true
     0 | D:1      | 0 ||| qw: Do second Lair branch before Depths: true
     0 | D:1      | 0 ||| qw: Lair rune preference: random
     0 | D:1      | 0 ||| qw: Plans: Normal
     0 | D:1      | 0 ||| PLANNING D:1-11
   109 | D:1      | 109 ||| Stepping ~*~*~tactically~*~*~ (stealth).
   117 | D:1      | 117 ||| Stepping ~*~*~tactically~*~*~ (stealth).
   118 | D:1      | 118 ||| Stepping ~*~*~tactically~*~*~ (stealth).
   126 | D:1      | Reached skill level 1 in Unarmed Combat
   202 | D:1      | Reached XP level 2. HP: 22/22 MP: 3/3
   211 | D:1      | Reached skill level 1 in Fighting
   276 | D:1      | Found a faded altar of an unknown god.
   687 | D:1      | Reached skill level 2 in Unarmed Combat
   901 | D:1      | 901 ||| UPGRADING to +0 leather armour.
   911 | D:1      | 911 ||| DROPPING +0 robe.
   912 | D:1      | 912 ||| UPGRADING to +0 ring mail.
   922 | D:1      | 922 ||| DROPPING +0 leather armour.
   923 | D:1      | 923 ||| READING scroll labelled HIFOED BOMOLL.
   924 | D:1      | 924 ||| READING scroll labelled KYIWOF OTILULUOBY.
   925 | D:1      | 925 ||| READING scroll labelled REHAHEZUVU.
   926 | D:1      | 926 ||| DROPPING potion of magic.
  1013 | D:2      | Reached XP level 3. HP: 28/28 MP: 4/4
  1167 | D:2      | Reached skill level 3 in Unarmed Combat
  1334 | D:2      | 1334 ||| Stepping ~*~*~tactically~*~*~ (outnumbered).
  1335 | D:2      | 1335 ||| Stepping ~*~*~tactically~*~*~ (outnumbered).
  1336 | D:2      | 1336 ||| Stepping ~*~*~tactically~*~*~ (outnumbered).
  1337 | D:2      | 1337 ||| Stepping ~*~*~tactically~*~*~ (outnumbered).
  1338 | D:2      | 1338 ||| Stepping ~*~*~tactically~*~*~ (outnumbered).
  1339 | D:2      | 1339 ||| Stepping ~*~*~tactically~*~*~ (outnumbered).
  1340 | D:2      | 1340 ||| Stepping ~*~*~tactically~*~*~ (outnumbered).
  1341 | D:2      | 1341 ||| Stepping ~*~*~tactically~*~*~ (outnumbered).
  1342 | D:2      | 1342 ||| Stepping ~*~*~tactically~*~*~ (outnumbered).
  1343 | D:2      | 1343 ||| Stepping ~*~*~tactically~*~*~ (outnumbered).
  1344 | D:2      | 1344 ||| Stepping ~*~*~tactically~*~*~ (outnumbered).
  1345 | D:2      | 1345 ||| Stepping ~*~*~tactically~*~*~ (outnumbered).
  1385 | D:2      | Reached XP level 4. HP: 35/35 MP: 5/5
  1496 | D:2      | 1496 ||| Stepping ~*~*~tactically~*~*~ (stealth).
  1706 | D:2      | Reached skill level 4 in Unarmed Combat
  1766 | D:2      | 1766 ||| UPGRADING to +0 scale mail.
  1776 | D:2      | 1776 ||| DROPPING +0 ring mail.
  1777 | D:2      | 1777 ||| READING scroll labelled COLUUTUILE.
  1778 | D:2      | 1778 ||| READING 3 scrolls labelled PAYNOG CIOTU.
  1779 | D:2      | 1779 ||| READING scroll labelled QUQAFY ZAEKYBA.
  1780 | D:2      | 1780 ||| READING 3 scrolls of identify.
  1780 | D:2      | 1780 ||| IDENTIFYING red potion
  1781 | D:2      | 1781 ||| READING 2 scrolls of identify.
  1781 | D:2      | 1781 ||| IDENTIFYING cyan potion
  1782 | D:2      | 1782 ||| DROPPING potion of flight.
  1783 | D:2      | 1783 ||| DROPPING 2 scrolls of fear.
  1784 | D:2      | 1784 ||| DROPPING potion of berserk rage.
  1978 | D:3      | 1978 ||| Stepping ~*~*~tactically~*~*~ (outnumbered).
  2019 | D:3      | Found a bloodstained altar of Trog.
  2036 | D:3      | Found Fama's Weapon Emporium.
  2114 | D:3      | 2114 ||| Stepping ~*~*~tactically~*~*~ (hiding).
  2136 | D:3      | Reached XP level 5. HP: 17/41 MP: 6/6
  2138 | D:3      | 2138 ||| Stepping ~*~*~tactically~*~*~ (outnumbered).
  2308 | D:3      | 2308 ||| Stepping ~*~*~tactically~*~*~ (stealth).
  2311 | D:3      | 2311 ||| Stepping ~*~*~tactically~*~*~ (stealth).
  2338 | D:3      | 2338 ||| Stepping ~*~*~tactically~*~*~ (hiding).
  2468 | D:3      | Found a basalt altar of Yredelemnul.
  2494 | D:3      | 2494 ||| Stepping ~*~*~tactically~*~*~ (outnumbered).
  2495 | D:3      | 2495 ||| Stepping ~*~*~tactically~*~*~ (outnumbered).
  2496 | D:3      | 2496 ||| Stepping ~*~*~tactically~*~*~ (outnumbered).
  2497 | D:3      | 2497 ||| Stepping ~*~*~tactically~*~*~ (outnumbered).
  2501 | D:3      | 2501 ||| Stepping ~*~*~tactically~*~*~ (outnumbered).
  2504 | D:3      | HP: 6/41 [gnoll/+0 whip (5)]
  2509 | D:3      | HP: 7/41 [gnoll/+0 club (3)]
  2511 | D:3      | HP: 1/41 [gnoll/+0 club (6)]
  2512 | D:3      | Slain by a gnoll

Levels and vault maps discovered:
D:1:      onia_arrival_pyramid, layout_loops_cross,
          hellmonk_ecumenical_altar_heavens_door
D:2:      layout_basic, kennysheep_generic_room_3
D:3:      layout_rooms, lemuel_crystal_altar, nemelex_dance_club_becter,
          mainiacjoe_overflow_large_starburst, serial_shops,
          nicolae_shop_bloodbath_and_beyond

Skill      XL: |  1  2  3  4 |
---------------+-------------+-----
Unarmed Combat | 1 2 3 4 |  4.8
Fighting       | 1 2 |  2.1
Dodging        | |  1.7
Stealth        | |  2.1
Spellcasting   | |  1.7
Conjurations   | |  0.7
Fire Magic     | |  2.4

Action                   |  1- 3 |  4- 6 || total
-------------------------+-------+-------++-------
Melee: Unarmed           |   102 |    74 ||   176
       Punch             |     1 |     3 ||     4
Throw: Boomerang         |    41 |    21 ||    62
       Javelin           |     5 |    39 ||    44
  Use: Scroll            |     3 |     5 ||     8
Armor: Robe              |     7 |       ||     7
       Ring mail         |    17 |     5 ||    22
       Scale mail        |       |    16 ||    16
Dodge: Dodged            |    49 |    16 ||    65

Table legend:
 A = Non-vault XP
 B = Vault XP
 C = Vault XP percentage of total XP
 D = Non-vault monster count
 E = Vault monster count
 F = Vault count percentage of total count
                 A         B        C        D         E       F
            +---------+---------+-------+---------+---------+-------
      Total |     219 |      14 |   6.0 |      67 |       2 |   2.9
            +---------+---------+-------+---------+---------+-------
        D:1 |      28 |       0 |   0.0 |      18 |       0 |   0.0
        D:2 |      69 |      14 |  16.9 |      27 |       2 |   6.9
        D:3 |     122 |       0 |   0.0 |      22 |       0 |   0.0
            +---------+---------+-------+---------+---------+-------
